 Dungeon Sprint DCSS version 0.30.1-4-g462c640d31 (webtiles) character file.

Game seed: 11294313421318380607

9237 Heoruswealwe the Ninja (level 11, 0/60 HPs)
             Began as a Spriggan Artificer on Aug 31, 2023.
             Was an Initiate of Gozag.
             Slain by a demonic crawler (1 damage)
             ... in the Dungeon (Sprint I: "Red Sonja").
             The game lasted 00:19:51 (1026 turns).

Heoruswealwe the Ninja (Spriggan Artificer)         Turns: 1026, Time: 00:19:52

Health: 0/60       AC: 14    Str:  6    XL:     11   Next: 20%
Magic:  17/17      EV: 14    Int: 17    God:    Gozag
Gold:   302        SH:  0    Dex: 20    Spells: 10/10 levels left

rFire   + + .        a - +8 Vampire's Tooth {megavamp}
rCold   x . .        (no shield)
rNeg    . . .        t - +6 fire dragon scales of the Cricket {rElec rF++ rC- rCorr Str-2 Int+4}
rPois   .            (helmet restricted)
rElec   +            (no cloak)
rCorr   +            (gloves unavailable)
SInv    +            (boots unavailable)
Will    +....        (no amulet)
Stlth   ++++++++     (no ring)
HPRegen 0.30/turn    (no ring)
MPRegen 0.15/turn

%: no teleportation
@: very quick
A: very small, no large weapons, unfitting armour, see invisible, speed 3
a: Renounce Religion, Potion Petition, Call Merchant, Bribe Branch


You were in the Dungeon.
You worshipped Gozag.
Gozag was aware of your devotion.
You visited 1 branch You collected 2892 gold pieces.
You spent 2557 gold pieces at shops.
You donated 33 gold pieces to Zin.

Inventory:

Hand Weapons
 a - the +8 Vampire's Tooth (weapon) {megavamp}
   (You bought it in a shop in the Dungeon)
 l - a +0 rapier of holy wrath
Armour
 c - a +0 robe
 t - the +6 fire dragon scales of the Cricket (worn) {rElec rF++ rC- rCorr Str-2 Int+4}
   (You bought it in a shop in the Dungeon)

   Str:       It affects your strength (-2).
   Int:       It affects your intelligence (+4).
   rF:        It greatly protects you from fire.
   rC:        It makes you vulnerable to cold.
   rElec:     It insulates you from electricity.
   rCorr:     It protects you from acid and corrosion.
Wands
 b - a wand of flame (16) (quivered)
 d - a wand of charming (13)
 e - a wand of iceblast (1)
Scrolls
 i - a scroll of immolation {unknown}
 j - a scroll of poison {unknown}
 k - 2 scrolls of blinking
 m - a scroll of fear {unknown}
 o - a scroll of enchant weapon {unknown}
 p - a scroll of summoning {unknown}
 s - a scroll of torment {unknown}
Potions
 f - 3 potions of curing
 g - 2 potions of heal wounds
 h - a potion of haste
 q - a potion of ambrosia {unknown}
 r - a potion of degeneration {unknown}
Miscellaneous
 n - a lightning rod (inert)


   Skills:
 + Level 8.1 Fighting
 + Level 10.5 Short Blades
 + Level 12.8 Dodging
 O Level 27 Stealth
 - Level 6.7 Invocations
 * Level 14.2 Evocations


You had 10 spell levels left.
You didn't know any spells.
Your spell library was empty.

Dungeon Overview and Level Annotations

Branches:
Dungeon (1/1)

Altars:
Cheibriados
Dithmenos
Elyvilon
Fedhas
Gozag
Hepliaklqana
Kikubaaqudgha
Makhleb
Nemelex Xobeh
Okawaru
Qazlal
Ru
Sif Muna
Trog
Uskayaw
Vehumet
Wu Jian
Xom
Yredelemnul
Zin
The Shining One
Jiyva
Lugonu

Shops:
D =[((:(*:((:?=[(:=*([?


Innate Abilities, Weirdness & Mutations

You are very small and have problems with some larger weapons.
You are too small for most types of armour.
You have supernaturally acute eyesight. (SInv)
You cover ground extremely quickly. (Speed+++)


Message History

The demonic crawler hits you.
* * * LOW HITPOINT WARNING * * *
You hit the demonic crawler.
The demonic crawler is lightly wounded.
You hit the demonic crawler.
The demonic crawler is lightly wounded.
The demonic crawler closely misses you. The demonic crawler barely misses you.
The demonic crawler misses you.
You hit the demonic crawler.
The demonic crawler is lightly wounded.
You hit the demonic crawler but do no damage.
The demonic crawler is lightly wounded.
The demonic crawler misses you. The demonic crawler barely misses you.
The demonic crawler closely misses you.
You barely miss the demonic crawler. You hit the demonic crawler.
The demonic crawler is lightly wounded.
You barely miss the demonic crawler.
The demonic crawler is lightly wounded.
The demonic crawler closely misses you.
The demonic crawler hits you but does no damage.
The demonic crawler barely misses you.
You hit the demonic crawler but do no damage.
You completely miss the demonic crawler.
The demonic crawler barely misses you. The demonic crawler closely misses you.
The demonic crawler hits you but does no damage.
You barely miss the demonic crawler.
You hit the demonic crawler but do no damage.
You hit the demonic crawler but do no damage.
The demonic crawler hits you.
* * * LOW HITPOINT WARNING * * *
The demonic crawler hits you but does no damage. x2
You puncture the demonic crawler!
The demonic crawler is lightly wounded.
You hit the demonic crawler but do no damage.
The demonic crawler is lightly wounded.
The demonic crawler hits you but does no damage.
The demonic crawler barely misses you. The demonic crawler hits you.
You die...
Your body crumbles into a pile of gold.

#..)..#..'..#..'..'..#...##+#
#..#####'#####'#__####)..'$.#
#..####..#...#.####.§#####..+
#..#__####..##.#§§§§)#..# +##
#.)#_____##'#_.+§§§.§'.§#
#⌠⌠#_.∩...'..._#§§~.§#..#
####_..__##ss#'##§#####'###
$$#_____###s#[#§.(.###.'.#
############@####'###.###.#
#∩........'...'.....'.∩##.#
###''''####.).###########§#
#.......####)###.......##§#
#........#.#'#.#......§.§.#
#..#.....#.....#'''######.#
#........#.....#........#§#
#.....#..#######.......#+.#
#........##((.........~####


You could see 3 demonic crawlers.

Vanquished Creatures
  2 centaur warriors (D)
  Sonja (D)
  A deep troll (D)
  An oklob plant (D)
  8 shining eyes (D)
  A demonic crawler (D)
  2 unseen horrors (D)
  2 kobold demonologists (D)
  A hornet (D)
  A slime creature (D)
  Sigmund (D)
  A yak (D)
  2 redbacks (D)
  6 floating eyes (D)
  An ogre (D)
  7 necrophages (D)
  8 jellies (D)
  Ijyb (D)
  A ballistomycete spore (D)
48 creatures vanquished.

Vanquished Creatures (others)
  A ballistomycete spore (D)
1 creature vanquished.

Grand Total: 49 creatures vanquished

Notes
Turn   | Place    | Note
-------+----------+-------------------------------------------
     0 | D        | Heoruswealwe the Spriggan Artificer began the quest for the
                  | Orb.
     0 | D        | Reached XP level 1. HP: 9/9 MP: 2/2
     1 | D        | Noticed Ijyb
     4 | D        | Killed Ijyb
     5 | D        | Reached skill level 9 in Stealth
     5 | D        | Reached XP level 2. HP: 14/14 MP: 3/3
    15 | D        | Noticed an ogre
    29 | D        | Killed an ogre
    30 | D        | Reached skill level 13 in Stealth
    30 | D        | Reached XP level 3. HP: 17/17 MP: 4/4
    30 | D        | Reached XP level 4. HP: 21/21 MP: 5/5
    47 | D        | Noticed Sigmund
    50 | D        | Killed Sigmund
    51 | D        | Reached skill level 18 in Stealth
    51 | D        | Reached XP level 5. HP: 25/25 MP: 6/6
    51 | D        | Reached XP level 6. HP: 29/29 MP: 7/7
    62 | D        | Found an ornate altar of the Wu Jian Council.
    62 | D        | Found a shimmering blue altar of Sif Muna.
    64 | D        | Found a radiant altar of Vehumet.
    69 | D        | Reached skill level 19 in Stealth
    98 | D        | Found Culiur's Weapon Emporium.
    98 | D        | Found an ancient bone altar of Kikubaaqudgha.
    98 | D        | Found a hazy altar of Hepliaklqana.
    98 | D        | Found a stormy altar of Qazlal.
    98 | D        | Found a hide-covered altar of Uskayaw.
    98 | D        | Found a blossoming altar of Fedhas.
    98 | D        | Found a bloodstained altar of Trog.
    98 | D        | Found an iron altar of Okawaru.
    98 | D        | Found a basalt altar of Yredelemnul.
    98 | D        | Found a glowing golden altar of the Shining One.
    98 | D        | Found a snail-covered altar of Cheibriados.
    98 | D        | Found a sacrificial altar of Ru.
    98 | D        | Found a glowing silver altar of Zin.
    98 | D        | Found a shadowy altar of Dithmenos.
    98 | D        | Found a white marble altar of Elyvilon.
    98 | D        | Noticed a yak
    99 | D        | Found an opulent altar of Gozag.
   100 | D        | Killed a yak
   101 | D        | Reached skill level 21 in Stealth
   101 | D        | Found a sparkling altar of Nemelex Xobeh.
   106 | D        | Became a worshipper of Zin the Law-Giver
   106 | D        | Reached * piety under Zin
   106 | D        | Reached ** piety under Zin
   106 | D        | Reached *** piety under Zin
   106 | D        | Reached **** piety under Zin
   106 | D        | Reached ***** piety under Zin
   106 | D        | Reached ****** piety under Zin
   115 | D        | Noticed Sonja
   119 | D        | Killed Sonja
   120 | D        | Reached skill level 25 in Stealth
   120 | D        | Reached XP level 7. HP: 32/32 MP: 8/8
   134 | D        | Found Joarugresch's Jewellery Boutique.
   144 | D        | Noticed a shining eye
   144 | D        | Noticed a shining eye
   144 | D        | Noticed a shining eye
   144 | D        | Noticed a shining eye
   144 | D        | Noticed a shining eye
   144 | D        | Noticed a shining eye
   147 | D        | Reached XP level 8. HP: 37/37 MP: 9/9
   153 | D        | Noticed a shining eye
   153 | D        | Noticed a shining eye
   156 | D        | Paralysed by a floating eye for 3 turns
   162 | D        | Reached skill level 26 in Stealth
   166 | D        | Reached skill level 1 in Fighting
   166 | D        | Reached skill level 1 in Short Blades
   166 | D        | Reached skill level 1 in Invocations
   167 | D        | Killed a shining eye
   168 | D        | Reached skill level 5 in Dodging
   173 | D        | Killed a shining eye
   174 | D        | Reached XP level 9. HP: 44/44 MP: 9/12
   193 | D        | Killed a shining eye
   194 | D        | Reached skill level 5 in Short Blades
   194 | D        | Reached skill level 27 in Stealth
   205 | D        | Killed a shining eye
   206 | D        | Reached skill level 5 in Invocations
   220 | D        | Killed a shining eye
   227 | D        | Killed a shining eye
   228 | D        | Reached skill level 5 in Fighting
   228 | D        | Reached skill level 5 in Evocations
   243 | D        | Killed a shining eye
   244 | D        | Reached XP level 10. HP: 52/52 MP: 16/16
   256 | D        | Killed a shining eye
   272 | D        | Fell from the grace of Zin
   272 | D        | Became a worshipper of Gozag Ym Sagoz the Greedy
   373 | D        | Noticed a deep troll
   377 | D        | Killed a deep troll
   378 | D        | Reached skill level 10 in Dodging
   388 | D        | Found Zefaboso's Armour Emporium.
   431 | D        | Found Suc Zua's Antique Armour Shoppe.
   431 | D        | Found Qekaxab's Book Shop.
   431 | D        | Found Tiuzxoym's Weapon Emporium.
   431 | D        | Found Avypax's Weapon Boutique.
   444 | D        | Bought the +8 Vampire's Tooth {megavamp} for 840 gold
                  | pieces
   444 | D        | Found the +8 Vampire's Tooth {megavamp}
   473 | D        | Found a burning altar of Makhleb.
   473 | D        | Found a viscous altar of Jiyva.
   473 | D        | Found a shimmering altar of Xom.
   473 | D        | Found a corrupted altar of Lugonu.
   494 | D        | Reached skill level 10 in Evocations
   533 | D        | Noticed a centaur warrior
   534 | D        | Noticed a centaur warrior
   537 | D        | Killed a centaur warrior
   539 | D        | Killed a centaur warrior
   577 | D        | Noticed an oklob plant
   579 | D        | Killed an oklob plant
   605 | D        | Reached XP level 11. HP: 58/58 MP: 17/17
   620 | D        | Reached skill level 10 in Short Blades
   645 | D        | Identified the +0 ring mail of the Crushed Thickets {-Tele
                  | Fly rN++}
   855 | D        | Found Usudieg's Book Shoppe.
   855 | D        | Found Povurchek's Assorted Antiques.
   855 | D        | Found Feon's Antique Weapon Boutique.
   861 | D        | Found Zoefum's Assorted Antiques.
   861 | D        | Found Rehe's Magic Scroll Emporium.
   861 | D        | Found Wonauh's Antique Weapon Emporium.
   863 | D        | Found Uconn's Jewellery Boutique.
   863 | D        | Found Ijeomp's Book Shoppe.
   863 | D        | Found Eche's Antique Weapon Shop.
   863 | D        | Found Lurchuqya's Antique Armour Emporium.
   863 | D        | Found Nouskuos's Jewellery Boutique.
   863 | D        | Found Xetocet's Magic Scroll Shoppe.
   863 | D        | Found Qienusoc's Book Shop.
   866 | D        | Bought a scroll labelled WOFYDU XOXAKIYLI for 22 gold
                  | pieces
   866 | D        | Bought a lumpy grey potion for 19 gold pieces
   867 | D        | Found Moweurgh's Weapon Emporium.
   878 | D        | Bought a bubbling green potion for 24 gold pieces
   878 | D        | Bought a scroll labelled TITZAOS MYEXO for 27 gold pieces
   933 | D        | Bought bloodstained fire dragon scales for 1625 gold pieces
   933 | D        | Identified the +6 fire dragon scales of the Cricket {rElec
                  | rF++ rC- rCorr Str-2 Int+4} (You bought it in a shop in the
                  | Dungeon)
  1024 | D        | HP: 1/60 [demonic crawler (4)]
  1026 | D        | Slain by a demonic crawler

Illustrated notes

Levels and vault maps discovered:
D:        dungeon_sprint_1 [red_sonja_temple_1, red_sonja_temple_small_1]

Skill      XL: |  1  2  3  4  5  6  7  8  9 10 11 |
---------------+----------------------------------+-----
Stealth        | 9 13 18 25 26 27 | 27.0
Fighting       | 3 5 7 8 |  8.1
Short Blades   | 4 7 9 10 | 10.5
Invocations    | 3 6 |  6.7
Dodging        | 6 9 12 | 12.8
Evocations     | 7 13 14 | 14.2

Action                     |  1- 3 |  4- 6 |  7- 9 | 10-12 || total
---------------------------+-------+-------+-------+-------++-------
  Melee: Dagger            |       |     4 |    69 |    14 ||    87
         Punch             |       |       |     2 |     1 ||     3
         Quick blade       |       |       |       |    69 ||    69
  Evoke: Wand              |     7 |       |       |    11 ||    18
         Lightning rod     |       |       |       |     4 ||     4
   Stab: Sleeping          |       |     4 |     4 |    21 ||    29
 Armour: Fire dragon scale |       |       |       |    16 ||    16
         Robe              |       |       |       |     2 ||     2
  Dodge: Dodged            |       |       |       |    56 ||    56
